AoeStats
← ThunderboltX

Arabia

510646031Analyzed
1v1 RM · 9h ago on Oct 2, 2026· 53m 26s· 2 players
Game mode
Random Map
Map size
Tiny (2 player)
Population
200
Speed
Normal
Resources
Standard
Victory
Conquest
Starting age
Dark Age
Ending age
Imperial Age
RankedLock teamsTeams togetherTeam positionsShared explorationLock speedFull tech treeHidden civsTurbo modeCheats
Victory
Defeat
🇧🇬 Romans · Bulgaria
2577
+8
🇩🇴 Goths · Dominican Republic
2397
-8
RD | Kiko
7:34 Loom
8:19 Loom
10:24 Feudal Age
11:01 Double-Bit Axe
10:58 Horse Collar
16:06 Wheelbarrow
19:17 Castle Age
17:56 Gold Mining
17:58 Fletching
19:55 Bodkin Arrow
20:01 Husbandry
20:14 Bow Saw
24:24 Light Cavalry
25:13 Scale Barding Armor
26:28 Devotion
31:57 Imperial Age
31:36 Padded Archer Armor
33:40 Chemistry
33:10 Leather Archer Armor
32:42 Man-at-Arms
33:23 Squires
33:24 Scale Mail Armor
33:18 Long Swordsman
34:58 Conscription
34:26 Two-Handed Swordsman
35:23 Chain Mail Armor
35:35 Heavy Plow
37:55 Champion
38:46 Forging
39:23 Hand Cart
38:53 Town Watch
40:06 Masonry
40:57 Iron Casting
40:51 Perfusion
42:24 Ring Archer Armor
44:36 Blast Furnace
44:36 Bracer
48:33 Bloodlines
48:48 Chain Barding Armor
48:14 Pikeman
49:06 Halberdier
ThunderboltX
6:21 Loom
8:44 Feudal Age
9:17 Double-Bit Axe
9:37 Horse Collar
18:27 Castle Age
16:27 Gold Mining
17:47 Fletching
17:58 Padded Archer Armor
19:27 Bow Saw
19:32 Bodkin Arrow
19:43 Elite Skirmisher
24:23 Wheelbarrow
26:21 Heavy Plow
26:39 Hand Cart
27:50 Ballistics
28:01 Leather Archer Armor
28:32 Gold Shaft Mining
29:22 Stone Mining
29:22 Town Watch
30:10 Squires
32:48 Imperial Age
30:20 Scale Mail Armor
30:31 Forging
30:32 Man-at-Arms
31:30 Chain Mail Armor
32:45 Iron Casting
32:06 Long Swordsman
33:00 Capped Ram
33:04 Legionary
35:50 Conscription
37:58 Blast Furnace
38:24 Ballistas
38:52 Siege Engineers
40:28 Scale Barding Armor
40:11 Heavy Scorpion
43:36 Bloodlines
43:27 Husbandry
43:48 Chain Barding Armor
43:31 Murder Holes
44:37 Chemistry
44:26 Masonry
44:37 Siege Ram
45:24 Cavalier
47:27 Plate Barding Armor
47:53 Comitatenses
48:41 Architecture
49:45 Light Cavalry
Connection lost

Rejoining the realm…

Still unreachable

The connection could not be restored.

Session expired

The server has moved on; the page needs a fresh start.